 Dungeon Crawl Stone Soup version 0.23.2-1-ga50397a (webtiles) character file.

Game seed: 1255172154275649693

559 teukkam the Shield-Bearer (level 7, -8/62 HPs)
             Began as a Minotaur Fighter on June 3, 2019.
             Killed by divine providence
             ... invoked by an orc priest
              (14 damage)
             ... in the Ecumenical Temple.
             The game lasted 00:08:28 (1906 turns).

teukkam the Shield-Bearer (Minotaur Fighter)        Turns: 1906, Time: 00:08:28

Health: -8/62      AC:  8    Str: 23    XL:     7   Next: 9%
Magic:  6/6        EV:  8    Int:  5    God:
Gold:   100        SH: 10    Dex:  9    Spells: 6/6 levels left

rFire    . . .     SeeInvis .   a - +1 war axe
rCold    . . .     Gourm    .   c - +0 shield
rNeg     . . .     Faith    .   i - +1 scale mail
rPois    .         Spirit   .   (helmet restricted)
rElec    .         Reflect  .   (no cloak)
rCorr    .         Harm     +   (no gloves)
MR       .....                  (no boots)
Stlth    ..........             r - amulet of harm
HPRegen  0.20/turn              (no ring)
MPRegen  0.10/turn              (no ring)

@: no status effects
A: retaliatory headbutt, horns 2
a: no special abilities


You were in the Ecumenical Temple.
You were not hungry.

You visited 2 branches of the dungeon, and saw 6 of its levels.

You collected 145 gold pieces.
You spent 45 gold pieces at shops.

Inventory:

Hand Weapons
 a - a +1 war axe (weapon)
 b - a +0 hunting sling
 d - a +0 shortbow
Missiles
 e - 14 arrows
 p - 48 stones (quivered)
 q - 13 poisoned needles
Armour
 c - a +0 shield (worn)
 i - a +1 scale mail (worn)
Jewellery
 r - an amulet of harm (around neck)
Potions
 j - a potion of cancellation
 n - a potion of flight {unknown}
 t - a potion of haste {unknown}
Comestibles
 f - 9 rations


   Skills:
 + Level 5.7 Fighting
 + Level 5.0 Axes
 + Level 1.1 Slings
 + Level 5.7 Armour
 + Level 5.8 Shields


You had 6 spell levels left.
You didn't know any spells.
Your spell library was empty.

Dungeon Overview and Level Annotations

Branches:
Dungeon (5/15)             Temple (1/1) D:5

Altars:
Okawaru
Ru
Wu Jian
Yredelemnul
Zin

Shops:
D:5 ?

Annotations:
D:3 Terence


Innate Abilities, Weirdness & Mutations

You reflexively headbutt those who attack you in melee.
You have a pair of horns on your head.


Message History

Found four altars.
There is a staircase back to the Dungeon here.
The orc priest looks encouraged for a moment.
The orc wizard hits you but does no damage.
The orc priest invokes the aid of Beogh against you.
Beogh smites you!
* * * LOW HITPOINT WARNING * * *
The orc wizard barely misses you.
You closely miss the orc wizard.
You feel less confused. The orc wizard barely misses you.
The orc wizard casts a spell at you. The magic dart hits you.
* * * LOW HITPOINT WARNING * * *
Your magical effects are unravelling.
You feel magically purged.
You feel yourself speed up.
The orc priest invokes the aid of Beogh against you.
Beogh smites you!
You die...

...._.....
.........
.........
.........
#...._...
##........
#<........
##oo......
#@..._...
#.........
#.........
..........
....._.....
............
.............
............#≈


You could see an orc priest and an orc wizard.

Vanquished Creatures
  An ice beast (D:5)
  A centaur (D:5)
  A bullfrog (D:3)
  A howler monkey (D:5)
  2 hounds (D:5)
  2 bullfrog skeletons
  2 iguanas (D:5)
  A worker ant (D:5)
  A howler monkey skeleton (D:4)
  4 adders
  An adder zombie (D:4)
  A worm (D:3)
  2 leopard geckos (D:5)
  7 orcs
  3 ball pythons
  3 giant cockroaches
  2 goblins
  4 hobgoblins
  4 jackals (D:5)
  2 kobolds
  A quokka (D:5)
  3 bats
  2 frilled lizards (D:2)
  2 jackal skeletons
53 creatures vanquished.

Notes
Turn   | Place    | Note
-------+----------+-------------------------------------------
     0 | D:1      | teukkam the Minotaur Fighter began the quest for the Orb.
     0 | D:1      | Reached XP level 1. HP: 19/19 MP: 0/0
   253 | D:2      | Reached XP level 2. HP: 8/27 MP: 1/1
   535 | D:3      | Noticed a bullfrog
   546 | D:3      | Killed a bullfrog
   546 | D:3      | Reached XP level 3. HP: 18/34 MP: 2/2
   546 | D:3      | Reached XP level 4. HP: 22/41 MP: 3/3
   664 | D:3      | Noticed Terence
  1191 | D:4      | Reached XP level 5. HP: 42/47 MP: 4/4
  1296 | D:5      | Entered Level 5 of the Dungeon
  1381 | D:5      | Reached skill level 5 in Fighting
  1381 | D:5      | Reached skill level 5 in Armour
  1381 | D:5      | Reached skill level 5 in Shields
  1520 | D:5      | Reached XP level 6. HP: 42/56 MP: 5/5
  1703 | D:5      | Noticed an ice beast
  1704 | D:5      | Found an iron altar of Okawaru.
  1709 | D:5      | Killed an ice beast
  1711 | D:5      | Reached skill level 1 in Slings
  1711 | D:5      | Reached XP level 7. HP: 62/62 MP: 6/6
  1723 | D:5      | Found a staircase to the Ecumenical Temple.
  1783 | D:5      | Found Wyzu's Magic Scroll Boutique.
  1807 | D:5      | Reached skill level 5 in Axes
  1839 | D:5      | Bought a scroll of magic mapping for 45 gold pieces
  1902 | Temple   | Entered the Ecumenical Temple
  1906 | Temple   | Killed from afar by an orc priest

Skill      XL: |  1  2  3  4  5  6  7 |
---------------+----------------------+-----
Fighting       | 4 5 |  5.7
Axes           | 3 4 5 |  5.0
Armour         | 4 5 |  5.7
Shields        | 4 5 |  5.8
Slings         | 1 |  1.1

Action                   |  1- 3 |  4- 6 |  7- 9 || total
-------------------------+-------+-------+-------++-------
Melee: War axe           |    20 |   110 |     7 ||   137
       Headbutt          |     3 |    17 |       ||    20
  Use: Potion            |     1 |     1 |     1 ||     3
       Scroll            |       |     6 |     3 ||     9
  Eat: Chunk             |       |     3 |       ||     3
Armor: Scale mail        |    17 |    53 |     9 ||    79
Dodge: Dodged            |    11 |    39 |     7 ||    57
Block: Shield            |    15 |    72 |     7 ||    94
